 Dungeon Crawl Stone Soup version 0.28-a0-1033-g1a2f33fa85 (webtiles) character file.

Game seed: 7373969993050567045

519 sanka the Chopper (level 7, -3/55 HPs)
             Began as a Palentonga Abyssal Knight on Dec 7, 2021.
             Was a Priest of Lugonu.
             Killed by divine providence
             ... invoked by an orc priest
              (15 damage)
             ... on level 4 of the Dungeon.
             The game lasted 00:06:46 (4348 turns).

sanka the Chopper (Palentonga Abyssal Knight)       Turns: 4348, Time: 00:06:46

Health: -3/55      AC: 11    Str: 18    XL:     7   Next: 1%
Magic:  9/9        EV:  7    Int: 10    God:    Lugonu [***...]
Gold:   149        SH: 10    Dex: 11    Spells: 6/6 levels left

rFire   . . .      SeeInvis +   a - +1 hand axe
rCold   + . .      Faith    .   j - +2 kite shield {rC+}
rNeg    . . .      Spirit   .   f - +0 leather armour
rPois   .          Reflect  .   (no helmet)
rElec   .          Harm     .   (no cloak)
rCorr   .          Rampage  .   (no gloves)
Will    .....                   (no barding)
Stlth   +.........              d - amulet of magic regeneration
HPRegen 0.18/turn               (no ring)
MPRegen 0.51/turn               (no ring)

@: curled up
A: large, rugged brown scales 3, see invisible, deformed body, roll 1, armoured
tail, reflexive curl
a: Rolling Charge, Renounce Religion, Depart the Abyss, Bend Space, Banish


You were on level 4 of the Dungeon.
You worshipped Lugonu.
Lugonu was most pleased with you.
You visited 1 branch of the dungeon, and saw 5 of its levels.
You visited the Abyss 1 time.

You collected 149 gold pieces.


Innate Abilities, Weirdness & Mutations

You are completely covered in rugged brown scales. (AC +3, +7% HP)
You have supernaturally acute eyesight. (SInv)
Armour fits poorly on your strangely shaped body.
You can roll at nearby foes to attack.
You have a long armoured tail.
You curl defensively after being hit. (AC +7*)


   Skills:
 - Level 3.0 Fighting
 - Level 6.0 Axes
 - Level 1.5 Armour
 - Level 0.7 Dodging
 + Level 3.3 Shields
 * Level 2.8 Invocations


You had 6 spell levels left.
You didn't know any spells.
Your spell library contained the following spells:

 Spells                   Type           Power      Damage    Failure   Level
 Magic Dart               Conj           0%         1d3       83%         1
 Sting                    Tmut/Pois      0%         1d3       83%         1
 Call Imp                 Summ           0%         N/A       93%         2
 Poisonous Vapours        Pois/Air       0%         N/A       93%         2
 Mephitic Cloud           Conj/Pois/Air  0%         N/A       99%         3
 Olgreb's Toxic Radiance  Pois           0%         N/A       100%        4
 Malign Gateway           Summ/Tloc      0%         N/A       100%        7
 Summon Horrible Things   Summ           0%         N/A       100%        8

Inventory:

Hand Weapons
 a - a +1 hand axe (weapon)
 b - a +0 dagger of distortion
Armour
 f - a +0 leather armour (worn)
 j - a +2 kite shield of cold resistance (worn)
Jewellery
 d - an amulet of magic regeneration (around neck)
 q - the amulet of the Air {Inacc Air Fly rElec RMsl}

   [amulet of nothing]

   It reduces the accuracy of all your attacks.
   It enhances your air magic.
   rElec:     It insulates you from electricity.
   Fly:       It grants you flight.
   RMsl:      It protects you from missiles.
Wands
 m - a wand of mindburst (9)
Scrolls
 c - 3 scrolls of amnesia {unknown}
 n - a scroll of noise {unknown}
 o - a scroll of blinking {unknown}
 p - a scroll of identify {unknown}
 s - a scroll of enchant weapon {unknown}
 t - a scroll of torment {unknown}
Potions
 e - a potion of ambrosia {unknown}
 g - 2 potions of curing {@q1}
 h - 2 potions of flight {unknown}
 i - a potion of berserk rage {unknown}
 k - a potion of magic {unknown}
 l - a potion of haste {unknown}
 r - 2 potions of heal wounds {unknown}

Dungeon Overview and Level Annotations

Branches:
Dungeon (5/15)
 Temple: D:4-7

Altars:
Hepliaklqana

▒▒▒▒▒▒▒..........................
▒..........▒▒▒.▒...........
▒▒▒▒.▒▒....▒▒.............▒
▒▒▒▒.......▒▒..............
▒.....▒▒▒...............▒▒▒
▒.▒▒..▒................▒▒..
▒▒.▒.....▒....<............▒
▒▒▒▒▒▒....▒...▒..)...............
.........▒▒▒▒..)H.........▒▒▒▒▒▒.
.....▒▒▒▒▒.......o.........▒ ▒.
...▒..<.....▒▒▒............▒ ▒▒
▒▒▒........................▒ ▒
▒.........▒▒..............▒
▒............▒............▒
▒▒..........▒▒▒........▒▒▒▒▒▒▒▒▒▒
▒...........▒..................).
▒▒.........▒▒.▒....▒...▒▒▒▒▒▒▒▒▒▒


You could see an orc priest.


Message History

You hit the orc priest but do no damage.
The orc priest is heavily wounded.
The orc priest hits you with a +0 club.
* * * LOW HITPOINT WARNING * * *
The orc priest calls down the wrath of Beogh upon you.
Pain shoots through your body!
* * * LOW HITPOINT WARNING * * *
Unknown command.
You barely miss the orc priest. You tail-slap the orc priest.
The orc priest is severely wounded.
The orc priest begins to cast a cantrip, but forgets the words!
You barely miss the orc priest.
The orc priest is severely wounded.
The orc priest hits you with a +0 club.
* * * LOW HITPOINT WARNING * * *
You hit the orc priest.
The orc priest is severely wounded.
The orc priest hits you with a +0 club.
* * * LOW HITPOINT WARNING * * *
You closely miss the orc priest. You tail-slap the orc priest.
The orc priest is almost dead.
The orc priest begins to cast a cantrip, but forgets the words!
You hit the orc priest but do no damage.
The orc priest is almost dead.
You block the orc priest's attack.
The orc priest mumbles some strange prayers to Beogh against you.
Beogh smites you!
You die...

Action                   |  1- 3 |  4- 6 |  7- 9 || total
-------------------------+-------+-------+-------++-------
Melee: Hand axe          |   135 |   141 |     8 ||   284
       Tailslap          |    12 |    22 |     2 ||    36
       Dagger            |       |    30 |       ||    30
 Abil: Rolling Charge    |       |     6 |       ||     6
  Use: Potion            |     1 |       |       ||     1
Armor: Leather armour    |    53 |    54 |     1 ||   108
Dodge: Dodged            |    53 |    57 |     2 ||   112
Block: Kite shield       |       |    92 |     3 ||    95

Levels and vault maps discovered:
D:1:      scummos_arrival_forest, layout_loops_ring, minmay_misc_feat_chi
D:2:      layout_rooms, shapermc_ecumenical_altar_flowoftime, kennysheep_nub
D:3:      layout_loops_cross, uniq_terence, uniq_ijyb, uniq_grinder
D:4:      layout_rooms, nicolae_hepliaklqana_ecumenical_no_more, minmay_circle_x
D:5:      layout_loops_cross, amethyst_overflow_temple_binary,
          nicolae_sif_muna_condensation, biasface_ghost_orc_armoury,
          uniq_menkaure

Notes
Turn   | Place    | Note
-------+----------+-------------------------------------------
     0 | Abyss:1  | sanka the Palentonga Abyssal Knight began the quest for the
                  | Orb.
     0 | Abyss:1  | Reached XP level 1. HP: 19/19 MP: 2/2
     1 | Abyss:1  | Found a corrupted altar of Lugonu.
     8 | D:1      | Escaped the Abyss
   504 | D:1      | Reached XP level 2. HP: 20/25 MP: 3/3
   592 | D:1      | Reached skill level 3 in Axes
   614 | D:1      | Reached ** piety under Lugonu
  1002 | D:1      | Reached XP level 3. HP: 24/31 MP: 4/4
  1472 | D:2      | Reached skill level 4 in Axes
  1786 | D:2      | Found a faded altar of an unknown god.
  1809 | D:2      | Reached XP level 4. HP: 33/37 MP: 5/5
  2329 | D:3      | Noticed Grinder
  2351 | D:3      | Paralysed by Grinder for 4 turns
  2355 | D:3      | Killed Grinder
  2356 | D:3      | Reached skill level 5 in Axes
  2356 | D:3      | Reached skill level 1 in Shields
  2356 | D:3      | Reached XP level 5. HP: 15/43 MP: 6/6
  2356 | D:3      | Reached XP level 6. HP: 17/50 MP: 7/7
  2589 | D:3      | Noticed Terence
  2612 | D:3      | Killed Terence
  2613 | D:3      | Reached skill level 6 in Axes
  2732 | D:3      | Reached skill level 2 in Shields
  2786 | D:3      | Noticed Ijyb
  2803 | D:3      | Killed Ijyb
  3014 | D:3      | Reached *** piety under Lugonu
  3409 | D:4      | Found the amulet of the Air {Inacc Air Fly rElec RMsl}
  3523 | D:4      | Reached skill level 3 in Shields
  4213 | D:4      | Found a hazy altar of Hepliaklqana.
  4214 | D:4      | Found a faded altar of an unknown god.
  4215 | D:4      | Found a faded altar of an unknown god.
  4311 | D:5      | Entered Level 5 of the Dungeon
  4339 | D:5      | Gained mutation: You curl defensively after being hit. (AC
                  | +7*) [Palentonga growth]
  4339 | D:5      | Reached XP level 7. HP: 32/55 MP: 9/9
  4348 | D:4      | Killed from afar by an orc priest

Vanquished Creatures
  Grinder (D:3)
  A howler monkey (D:4)
  A centaur skeleton (D:4)
  A hound (D:4)
  Ijyb (D:3)
  Terence (D:3)
  8 adders
  An ufetubus (D:4)
  2 adder skeletons (D:4)
  5 dart slugs
  5 orcs
  3 endoplasms
  4 giant cockroaches
  11 hobgoblins
  9 jackals
  8 kobolds
  2 quokkas (D:2)
  9 ball pythons
  7 bats
  5 frilled lizards
  7 goblins
  6 rats
98 creatures vanquished.
